 Dungeon Crawl Stone Soup version 0.28.0-43-g3370ac3207 (webtiles) character file.

Game seed: 5765958193131978634

2832 pkoi the Martial Artist (level 9, -9/72 HPs)
             Began as a Demigod Fighter on Mar 28, 2022.
             Mangled by a rust devil (12 damage)
             ... summoned by a kobold demonologist
             ... on level 9 of the Dungeon.
             The game lasted 00:19:44 (11214 turns).

pkoi the Martial Artist (Demigod Fighter)          Turns: 11214, Time: 00:19:44

Health: -9/72      AC: -7    Str: 17    XL:     9   Next: 22%
Magic:  11/11      EV: 10    Int: 24    God:
Gold:   372        SH:  5    Dex: 17    Spells: 7/8 levels left

rFire   . . .      SeeInvis .     - Unarmed
rCold   . . .      Faith    .   b - +0 buckler
rNeg    . . .      Spirit   .   a - +0 scale mail
rPois   .          Reflect  .   (no helmet)
rElec   .          Harm     .   j - +1 cloak
rCorr   .          Rampage  .   (no gloves)
Will    .....                   (no boots)
Stlth   ..........              x - amulet of regeneration
HPRegen 1.02/turn               e - +4 ring of protection
MPRegen 0.12/turn               f - +6 ring of intelligence

@: spiked, corroded
A: high MP 1, forlorn, divine attributes
a: no special abilities


You were on level 9 of the Dungeon.
You visited 2 branches of the dungeon, and saw 10 of its levels.

You collected 372 gold pieces.

Inventory:

Hand Weapons
 u - a +0 dagger
Missiles
 i - 10 poisoned darts (quivered)
Armour
 a - a +0 scale mail (worn)
 b - a +0 buckler (worn)
 j - a +1 cloak (worn)
 p - a scarf of invisibility
Jewellery
 e - a +4 ring of protection (left hand)
 f - a +6 ring of intelligence (right hand)
 x - an amulet of regeneration (around neck)
Wands
 y - a wand of digging (7)
 B - a wand of flame (17)
Scrolls
 g - 3 scrolls of identify
 n - a scroll of fear
 r - 3 scrolls of teleportation
 t - 2 scrolls of brand weapon
Potions
 c - 3 potions of might
 d - 10 potions of curing
 k - 2 potions of flight
 m - 2 potions of heal wounds
 q - a potion of resistance
 s - a potion of attraction
 w - a potion of berserk rage
 z - a potion of mutation


   Skills:
 + Level 4.3 Fighting
 - Level 3.0 Armour
 + Level 2.8 Dodging
 + Level 4.2 Shields
 * Level 10.2 Unarmed Combat
 + Level 2.8 Evocations


You had 7 spell levels left.
You knew the following spells:

 Your Spells              Type           Power      Damage    Failure   Level
a - Apportation           Tloc           0%         N/A       54%         1

Your spell library contained the following spells:

 Spells                   Type           Power      Damage    Failure   Level
 Animate Skeleton         Necr           0%         N/A       54%         1
 Summon Small Mammal      Summ           0%         N/A       54%         1
 Summon Forest            Summ/Tloc      0%         N/A       100%        5
 Summon Mana Viper        Hex/Summ       0%         N/A       100%        5
 Summon Cactus Giant      Summ           0%         N/A       100%        6


Dungeon Overview and Level Annotations

Branches:
Dungeon (9/15)             Temple (1/1) D:7
   Lair: D:8-11         Orc: D:9-12

Shops:
D:1 ::![[   D:3 =[:!:

Annotations:
D:5 2 transporters
D:7 1 runed translucent door


Innate Abilities, Weirdness & Mutations

You have an increased reservoir of magic. (+10% MP)
You shall have no god before yourself.
Your divine heritage dramatically boosts your attributes as you level up.


Message History

The rust devil hits you! The rust devil corrodes you!
You hit the kobold demonologist.
The kobold demonologist is severely wounded.
The kobold demonologist mumbles some strange words.
You hit the kobold demonologist but do no damage.
The kobold demonologist is severely wounded.
You closely miss the kobold demonologist.
The kobold demonologist is severely wounded.
You block the kobold demonologist's attack.
The red devil closely misses you. The rust devil hits you.
The rust devil corrodes you! The rust devil hits you.
The rust devil corrodes you!
Unknown command.
You closely miss the kobold demonologist.
The kobold demonologist is severely wounded.
The kobold demonologist hits you with a +0 dagger.
The red devil hits you with a +0 trident!
* * * LOW HITPOINT WARNING * * *
Barbed spikes become lodged in your body.
You block the rust devil's attack. The rust devil hits you.
* * * LOW HITPOINT WARNING * * *
The rust devil corrodes you!
You hit the kobold demonologist but do no damage.
The kobold demonologist is severely wounded.
The kobold demonologist hits you with a +0 dagger.
* * * LOW HITPOINT WARNING * * *
The red devil hits you with a +0 trident!
* * * LOW HITPOINT WARNING * * *
Barbed spikes become lodged in your body.
The rust devil hits you!
* * * LOW HITPOINT WARNING * * *
The rust devil corrodes you! The rust devil hits you!
* * * LOW HITPOINT WARNING * * *
The rust devil corrodes you!
You barely miss the kobold demonologist.
The kobold demonologist is severely wounded.
The kobold demonologist hits you with a +0 dagger.
* * * LOW HITPOINT WARNING * * *
The red devil barely misses you. The rust devil hits you!
You die...

### #[#
##.# ###..#
#...<##
.....##..##
##. ##..###
##4..#...
#@4.[.....
#K4.......
..........
..####.....
.## #....
.# #..# #.
#.# #


You could see 2 rust devils, a kobold demonologist and a red devil (summoned).

Vanquished Creatures
  Pikel (D:5)
  A steam dragon (D:8)
  Menkaure (D:5)
  A water moccasin (D:7)
  A black bear (D:7)
  2 orc warriors (D:8)
  An ogre (D:5)
  2 necrophages
  A sky beast (D:6)
  Blork the orc (D:6)
  3 bullfrogs
  A gnoll sergeant (D:8)
  A water moccasin skeleton (D:7)
  3 electric eels (D:7)
  3 howler monkeys (D:8)
  A centaur zombie (D:5)
  A bullfrog zombie (D:6)
  2 orc priests
  2 bullfrog skeletons (D:5)
  A centaur skeleton (D:6)
  3 jellies
  2 iguanas
  3 iron imps (D:3)
  4 orc wizards
  2 killer bee zombies
  A howler monkey zombie (D:8)
  8 gnolls
  5 adders
  A shadow imp (D:5)
  4 white imps
  2 ufetubi
  A worm (D:2)
  3 dart slugs
  11 orcs
  5 ball pythons
  7 endoplasms
  A giant cockroach (D:3)
  7 hobgoblins
  6 kobolds
  4 quokkas
  3 bats
  A frilled lizard (D:1)
  5 goblins
  4 rats
123 creatures vanquished.

Vanquished Creatures (others)
  An orc (D:7)
  2 fungi (D:8)
  2 plants (D:7)
5 creatures vanquished.

Grand Total: 128 creatures vanquished

Notes
Turn   | Place    | Note
-------+----------+-------------------------------------------
     0 | D:1      | pkoi the Demigod Fighter began the quest for the Orb.
     0 | D:1      | Reached XP level 1. HP: 18/18 MP: 3/3
   309 | D:1      | Reached skill level 2 in Unarmed Combat
   619 | D:1      | Found Zotomm's Book Boutique.
   661 | D:1      | Reached XP level 2. HP: 18/25 MP: 4/4
  1157 | D:1      | Found Hatasson's Book Shop.
  1313 | D:1      | Found Nunekai's Antique Armour Boutique.
  1318 | D:1      | Found Zatzemp's Distillery.
  1343 | D:1      | Found Ygroyrchics's Armour Shoppe.
  2063 | D:1      | Reached XP level 3. HP: 5/31 MP: 5/5
  2481 | D:2      | Reached skill level 3 in Unarmed Combat
  2820 | D:2      | Reached XP level 4. HP: 38/38 MP: 6/6
  3273 | D:3      | Found Job Cusch's Jewellery Boutique.
  3309 | D:3      | Found Wiugryst's Antique Armour Emporium.
  3376 | D:3      | Found Qel Xeuz's Distillery.
  3377 | D:3      | Found Gomasuet's Book Emporium.
  3611 | D:3      | Reached skill level 4 in Unarmed Combat
  4114 | D:3      | Reached XP level 5. HP: 31/45 MP: 7/7
  4322 | D:3      | Found Hoown's Book Boutique.
  4628 | D:4      | Reached skill level 5 in Unarmed Combat
  5208 | D:4      | Noticed a necrophage
  5217 | D:4      | Killed a necrophage
  5287 | D:5      | Entered Level 5 of the Dungeon
  5300 | D:5      | Reached XP level 6. HP: 51/51 MP: 8/8
  5363 | D:5      | Learned a level 1 spell: Apportation
  5399 | D:5      | Reached skill level 6 in Unarmed Combat
  5586 | D:5      | Noticed Menkaure
  5592 | D:5      | Killed Menkaure
  5891 | D:5      | Reached skill level 7 in Unarmed Combat
  5891 | D:5      | Reached XP level 7. HP: 55/57 MP: 9/9
  5962 | D:5      | Found a transporter.
  5969 | D:5      | Noticed a yak
  5976 | D:5      | Found a transporter.
  6292 | D:5      | Identified the +0 ring mail "Fyt Jest" {Harm Regen+}
  6307 | D:5      | Noticed Pikel
  6338 | D:5      | Killed Pikel
  6339 | D:5      | Reached skill level 8 in Unarmed Combat
  6931 | D:6      | Reached skill level 9 in Unarmed Combat
  6931 | D:6      | Reached XP level 8. HP: 11/63 MP: 10/10
  7620 | D:6      | Reached skill level 1 in Dodging
  7620 | D:6      | Reached skill level 1 in Evocations
  7812 | D:6      | Noticed Blork the orc
  7821 | D:6      | Killed Blork the orc
  8398 | D:7      | Found a runed translucent door.
  8434 | D:7      | HP: 3/66 [electric eel/bolt of electricity (9)]
  8631 | D:7      | Found a staircase to the Ecumenical Temple.
  8637 | Temple   | Entered the Ecumenical Temple
  8911 | D:7      | Noticed a five-headed hydra
  9848 | D:8      | Reached XP level 9. HP: 48/71 MP: 11/11
  9866 | D:8      | Reached skill level 10 in Unarmed Combat
 11197 | D:9      | Noticed a kobold demonologist
 11199 | D:9      | Noticed a rust devil
 11209 | D:9      | Noticed a rust devil
 11214 | D:9      | HP: 3/72 [kobold demonologist/+0 dagger (4)]
 11214 | D:9      | Mangled by a rust devil

Illustrated notes

Levels and vault maps discovered:
D:1:      elethiomel_arrival_infinity_welcomes_careful_drivers, layout_basic,
          serial_shops, nicolae_diamond_shop, nicolae_lakefront_shop, shop,
          shop, nicolae_shop_behind_doors
D:2:      layout_loops_ring
D:3:      layout_basic, mainiacjoe_overflow_alcove_1, demons_altar,
          serial_shops, nicolae_shop_competitors_out_of_business, shop, shop,
          nicolae_square_shop, shop
D:4:      layout_rooms
D:5:      wad_pebble_path, layout_basic, gammafunk_temple_overflow_arena,
          uniq_menkaure, uniq_pikel
D:6:      layout_loops_ring, uniq_blork_the_orc
D:7:      black_bear_nest_1, layout_basic, minmay_temple_entry_enclosed_plants,
          minivault_14, chequers_big_river, lightli_church_of_beogh
D:8:      layout_basic, mainiacjoe_overflow_tiny_flanked
D:9:      layout_layer_cave, old_standard_altar, enter_bailey_2,
          gammafunk_ghost_icy, grunt_ministairs_8
Temple:   nicolae_temple_elliptical

Skill      XL: |  1  2  3  4  5  6  7  8  9 |
---------------+----------------------------+-----
Unarmed Combat | 2 3 4 5 7 9 10 | 10.2
Shields        | 3 4 |  4.2
Fighting       | 3 4 |  4.3
Armour         | 3 |  3.0
Dodging        | 2 |  2.8
Evocations     | 2 |  2.8

Action                   |  1- 3 |  4- 6 |  7- 9 || total
-------------------------+-------+-------+-------++-------
Melee: Unarmed           |   216 |   164 |   359 ||   739
Throw: Dart              |       |       |    10 ||    10
Evoke: Wand              |       |       |     5 ||     5
  Use: Scroll            |     1 |       |    12 ||    13
       Potion            |       |       |     3 ||     3
Armor: Scale mail        |    85 |    54 |   123 ||   262
Dodge: Dodged            |    69 |    49 |   133 ||   251
Block: Buckler           |    38 |    28 |    69 ||   135
